 Dungeon Crawl Stone Soup version 0.27-a0-1193-g8631133539 (webtiles) character file.

Game seed: 2215709668512289771

1510 EnegeticOcto the Magician (level 9, -1/62 HPs)
             Began as a Djinni Earth Elementalist on May 25, 2021.
             Was an Initiate of Makhleb.
             Killed from afar by Blork the orc (3 damage)
             ... with a puff of flame
             ... on level 6 of the Dungeon.
             The game lasted 00:19:05 (1589 turns).

EnegeticOcto the Magician (DjEE)                    Turns: 1589, Time: 00:19:05

Health: -1/62      AC:  3    Str:  7    XL:     9   Next: 9%
Gold:   89         EV: 13    Int: 20    God:    Makhleb [......] SH:  0 Dex: 20

rFire    + + .     SeeInvis .   e - +2 rapier (vamp)
rCold    x . .     Faith    .   (no shield)
rNeg     . . .     Spirit   .   c - +0 robe
rPois    ∞         Reflect  .   g - +0 helmet
rElec    .         Harm     .   (no cloak)
rCorr    .         Rampage  .   (no gloves)
Will     .....                  (boots unavailable)
Stlth    +++.......             (no amulet)
HPRegen  0.20/turn              h - +6 ring of dexterity
MPRegen  0.00/turn              (no ring)

@: flying
A: sickness immunity, fire resistance 2, cold vulnerability 1, float, innate
caster, hp casting, extra vitality 1
a: Renounce Religion


You were on level 6 of the Dungeon.
You worshipped Makhleb.
Makhleb was noncommittal.
You visited 2 branches of the dungeon, and saw 7 of its levels.

You collected 89 gold pieces.

Inventory:

Hand Weapons
 e - a +2 vampiric rapier (weapon)
   (You acquired it on level 3 of the Dungeon)
 i - a +3 battleaxe
   (You took it off a wight on level 6 of the Dungeon)
 l - a +0 halberd
   (You took it off a gnoll on level 5 of the Dungeon)
 m - a +0 war axe of flaming
   (You found it on level 5 of the Dungeon)
Missiles
 b - 48 stones (quivered)
 o - a curare-tipped dart
Armour
 c - a +0 robe (worn)
 g - a +0 helmet (worn)
   (You found it on level 3 of the Dungeon)
 p - a +0 kite shield
   (You took it off a gnoll sergeant on level 5 of the Dungeon)
Jewellery
 h - a +6 ring of dexterity (left hand)
   (You found it on level 4 of the Dungeon)
 k - a ring of protection from fire
   (You found it on level 5 of the Dungeon)
Wands
 n - a wand of polymorph (4)
   (You found it on level 4 of the Dungeon)
Scrolls
 d - 2 scrolls of fear {!r}
 f - 2 scrolls of amnesia
 j - a scroll of identify {@r1}
Potions
 a - a potion of resistance


   Skills:
 - Level 4.0 Fighting
 - Level 4.0 Short Blades
 - Level 2.2 Dodging
 - Level 3.0 Stealth
 + Level 6.7 Spellcasting


You couldn't memorise any spells.
You knew the following spells:

 Your Spells              Type           Power      Damage    Failure   Level
a - Sandblast             Erth           66%        2d15      1%          1
b - Stone Arrow           Conj/Erth      66%        3d11      1%          3
c - Petrify               Tmut/Erth      33%        N/A       6%          4
d - Lee's Rapid Deconstr  Erth           16%        3d11*     17%         5
e - Beastly Appendage     Tmut           66%        N/A       1%          1
f - Searing Ray           Conj           66%        3d5       1%          2
g - Poisonous Vapours     Pois/Air       66%        N/A       1%          2
h - Mephitic Cloud        Conj/Pois/Air  33%        N/A       1%          3
p - Passwall              Tmut/Erth      27%        N/A       1%          2
Your spell library was empty.

Dungeon Overview and Level Annotations

Branches:
Dungeon (6/15)             Temple (1/1) D:6

Altars:
Ashenzari
Cheibriados
Dithmenos
Elyvilon
Fedhas
Gozag
Hepliaklqana
Kikubaaqudgha
Makhleb
Nemelex Xobeh
Qazlal
Sif Muna
Trog
Uskayaw
Vehumet
Wu Jian
Xom
Yredelemnul
The Shining One

Shops:
D:5 =(

Annotations:
D:6 Blork the orc


Innate Abilities, Weirdness & Mutations

You are immune to sickness and miasma.
You are immune to poison.
Your flesh is very heat resistant. (rF++)
You are vulnerable to cold. (rC-)
You float through the air rather than walking.
You learn spells naturally, not from books.
Your magical power is your life essence.
You have superior vitality. (+4 HP)


Message History

You throw a stone. The stone barely misses the wight.
Throw: 46 stones
Press: ? - help, Q - select action, (/) - cycle Shift-Dir - straight line, f/p - wight
Aim: a wight, wielding a +3 battleaxe and wearing a +0 robe (almost destroyed, 64% to hit)
You throw a stone.
The stone hits the wight but does no damage.
The wight is almost destroyed.
Throw: 45 stones
Press: ? - help, Q - select action, (/) - cycle Shift-Dir - straight line, f/p - wight
Aim: a wight, wielding a +3 battleaxe and wearing a +0 robe (almost destroyed, 64% to hit)
You throw a stone.
The stone hits the wight but does no damage.
The wight is almost destroyed.
b - 45 stones (gained 1)
b - 46 stones (gained 1)
Casting: Poisonous Vapours (safe; 1% risk of failure)
Confirm with . or Enter, or press ? or * to list all spells.
Aiming: Searing Ray (safe; 1% risk of failure)
Press: ? - help, Shift-Dir - straight line, f/p - wight
Aim: a wight, wielding a +3 battleaxe and wearing a +0 robe (almost destroyed, 81% to hit)
The searing ray hits the wight!
You destroy the wight!
Makhleb accepts your kill. (Press . to maintain the ray.)
* * * LOW HITPOINT WARNING * * *
b - 47 stones (gained 1)
b - 48 stones (gained 1)
b - 49 stones (gained 1)
Things that are here:
a +3 battleaxe; a +0 robe
i - a +3 battleaxe Throw: 49 stones
Press: ? - help, Q - select action, (/) - cycle Shift-Dir - straight line, f - centaur zombie
Aim: a centaur zombie (wandering, hasn't noticed you, 90% to hit)
You throw a stone. The stone hits the centaur zombie.
The centaur zombie is lightly damaged.
Unknown command.
Casting: Searing Ray (safe; 1% risk of failure)
Confirm with . or Enter, or press ? or * to list all spells.
Aiming: Searing Ray (safe; 1% risk of failure)
Press: ? - help, Shift-Dir - straight line, f/p - centaur zombie
Aim: a centaur zombie (lightly damaged, 100% to hit)
The searing ray hits the centaur zombie.
The centaur zombie is lightly damaged. (Press . to maintain the ray.)
* * * LOW HITPOINT WARNING * * *
The searing ray hits the centaur zombie!
The centaur zombie is heavily damaged.
* * * LOW HITPOINT WARNING * * *
The searing ray hits the centaur zombie!
The centaur zombie is heavily damaged.
* * * LOW HITPOINT WARNING * * *
The searing ray hits the centaur zombie!
The centaur zombie is almost destroyed.
* * * LOW HITPOINT WARNING * * *
You finish channeling your searing ray.
Casting: Searing Ray (safe; 1% risk of failure)
Confirm with . or Enter, or press ? or * to list all spells.
Aiming: Searing Ray (safe; 1% risk of failure)
Press: ? - help, Shift-Dir - straight line, f/p - centaur zombie
Aim: a centaur zombie (almost destroyed, 100% to hit)
The searing ray hits the centaur zombie!
You destroy the centaur zombie!
Makhleb accepts your kill. (Press . to maintain the ray.) Blork the orc shouts!
* * * LOW HITPOINT WARNING * * *
Blork the orc complains noisily.
Casting: Searing Ray (safe; 1% risk of failure)
Confirm with . or Enter, or press ? or * to list all spells.
Aiming: Poisonous Vapours (safe; 1% risk of failure)
Press: ? - help, Dir - move target, f - Blork the orc
Aim: Blork the orc, wielding a +3 antimagic hand axe, wearing a +0 robe and carrying a wand of flame (17) Poisonous vapours surround Blork the orc!
The orc shouts!
* * * LOW HITPOINT WARNING * * *
Blork the orc is engulfed in poison gas.
Blork the orc is poisoned.
Blork the orc zaps a wand.
The puff of flame hits you. You resist.
* * * LOW HITPOINT WARNING * * *
Casting: Poisonous Vapours (safe; 1% risk of failure)
Confirm with . or Enter, or press ? or * to list all spells.
Aiming: Poisonous Vapours (safe; 1% risk of failure)
Press: ? - help, Dir - move target, f/p - Blork the orc
Aim: Blork the orc, wielding a +3 antimagic hand axe, wearing a +0 robe and carrying a wand of flame (16) (lightly wounded, poisoned) Poisonous vapours surround Blork the orc!
* * * LOW HITPOINT WARNING * * *
Blork the orc is engulfed in poison gas.
Blork the orc looks even sicker.
Casting: Poisonous Vapours (safe; 1% risk of failure)
Confirm with . or Enter, or press ? or * to list all spells.
Aiming: Poisonous Vapours (safe; 1% risk of failure)
Press: ? - help, Dir - move target, f/p - Blork the orc
Aim: Blork the orc, wielding a +3 antimagic hand axe, wearing a +0 robe and carrying a wand of flame (16) (heavily wounded, very poisoned) Poisonous vapours surround Blork the orc!
* * * LOW HITPOINT WARNING * * *
Blork the orc is engulfed in poison gas.
Blork the orc looks even sicker.
Blork the orc zaps a wand.
The puff of flame hits you. You resist.
You die...

###...######.###[#...#
..........o......)#.##
#.......≈≈≈≈§§.....#O#
......≈≈≈≈≈≈§≈≈.o..#..
....≈≈≈≈≈≈≈≈≈§≈≈≈†.###.
...≈≈≈≈≈≈≈≈≈≈≈§§≈≈.## ..
...≈≈≈≈≈≈...≈≈§≈≈≈..# ..
...≈≈≈≈≈≈.>.≈≈≈§≈≈..# ###
...≈≈≈≈≈≈...≈≈≈≈@≈..####
....≈≈≈≈≈≈≈≈≈≈≈≈≈......#
##....≈≈≈≈≈≈≈≈≈....###.#########
........≈≈≈≈≈......# #.##......#
................[..# #.##......#
..#########......### #.........#
..# #........# #.##......# ..#
#........# #.#####)### ..#
######...# #.#####.#


You could see an orc.

Vanquished Creatures
  Duvessa (D:6)
  An ice beast (D:5)
  A black bear (D:6)
  A centaur (D:5)
  2 ogres
  A gnoll sergeant (D:5)
  A kobold brigand (D:5)
  A bullfrog (D:6)
  Dowan (D:6)
  5 wights (D:6)
  A howler monkey (D:6)
  A centaur zombie (D:6)
  3 orc priests
  A gnoll shaman (D:5)
  A bullfrog skeleton (D:5)
  2 orc wizards (D:5)
  Natasha (D:4)
  An iguana (D:6)
  A howler monkey zombie (D:6)
  3 adders
  10 gnolls (D:5)
  2 white imps
  An adder skeleton (D:4)
  2 worms (D:2)
  A dart slug (D:3)
  16 orcs
  A giant cockroach (D:4)
  2 hobgoblins
  2 jackals (D:5)
  2 ball pythons
  A bat (D:3)
  7 kobolds
77 creatures vanquished.

Notes
Turn   | Place    | Note
-------+----------+-------------------------------------------
     0 | D:1      | EnegeticOcto the Djinni Earth Elementalist began the quest
                  | for the Orb.
     0 | D:1      | Reached XP level 1. HP: 15/15 MP: 0/0
    92 | D:2      | Reached XP level 2. HP: 14/21 MP: 0/0
   142 | D:3      | Identified a scroll of acquirement
   143 | D:3      | Acquired a +2 vampiric rapier
   164 | D:3      | Reached skill level 3 in Spellcasting
   164 | D:3      | Reached XP level 3. HP: 25/25 MP: 0/0
   164 | D:3      | Learned a level 1 spell: Beastly Appendage
   217 | D:3      | Reached XP level 4. HP: 27/31 MP: 0/0
   310 | D:5      | Entered Level 5 of the Dungeon
   314 | D:5      | Noticed a centaur
   325 | D:5      | Killed a centaur
   326 | D:5      | Reached skill level 1 in Fighting
   326 | D:5      | Reached skill level 1 in Short Blades
   326 | D:5      | Reached XP level 5. HP: 32/38 MP: 0/0
   326 | D:5      | Learned a level 2 spell: Searing Ray
   345 | D:5      | Noticed an ogre
   349 | D:5      | Killed an ogre
   350 | D:5      | Reached skill level 2 in Fighting
   350 | D:5      | Reached skill level 2 in Short Blades
   350 | D:5      | Reached skill level 4 in Spellcasting
   350 | D:5      | Reached XP level 6. HP: 34/43 MP: 0/0
   438 | D:5      | Noticed an ice beast
   446 | D:5      | Killed an ice beast
   447 | D:5      | Reached skill level 3 in Fighting
   447 | D:5      | Reached XP level 7. HP: 9/50 MP: 0/0
   447 | D:5      | Learned a level 2 spell: Poisonous Vapours
   558 | D:5      | Found Adaskilu's Jewellery Boutique.
   659 | D:5      | Reached skill level 3 in Short Blades
   817 | D:5      | Found Jydwipuf's Weapon Boutique.
  1103 | D:4      | Noticed Natasha
  1106 | D:4      | Killed Natasha
  1181 | D:5      | Reached skill level 4 in Fighting
  1245 | D:5      | Reached XP level 8. HP: 50/58 MP: 0/0
  1287 | D:5      | Reached skill level 4 in Short Blades
  1287 | D:5      | Reached skill level 5 in Spellcasting
  1316 | D:6      | Noticed Duvessa
  1316 | D:6      | Noticed Dowan
  1320 | D:6      | Noticed Blork the orc
  1329 | D:6      | Killed Duvessa
  1330 | D:6      | Reached skill level 2 in Stealth
  1384 | D:6      | Found a staircase to the Ecumenical Temple.
  1401 | D:6      | Killed Dowan
  1406 | Temple   | Entered the Ecumenical Temple
  1434 | Temple   | Became a worshipper of Makhleb the Destroyer
  1508 | D:6      | Reached skill level 3 in Stealth
  1535 | D:6      | Reached skill level 6 in Spellcasting
  1555 | D:6      | Reached XP level 9. HP: 13/62 MP: 0/0
  1555 | D:6      | Learned a level 3 spell: Mephitic Cloud
  1589 | D:6      | Killed from afar by Blork the orc

Illustrated notes

Levels and vault maps discovered:
D:1:      mrwooster_arrival_statue, layout_basic,
          shapermc_ecumenical_altar_flowoftime, minmay_lizard_pond
D:2:      layout_loops_ring, patterned_corridor, uniq_robin
D:3:      layout_loops_ring
D:4:      layout_loops_corners, kennysheep_generic_room_7, uniq_natasha
D:5:      layout_cave_pools, serial_shops, nicolae_shop_crystal,
          serial_gnoll_camp, gnoll_camp_mini_hut, gnoll_camp_mini_sergeant,
          gnoll_camp_mini_shop, gnoll_camp_mini_basic
D:6:      layout_basic, temple_pool_b, serial_shops, shop,
          gammafunk_ghost_smash, minmay_ruined_shrine, uniq_blork_the_orc,
          uniq_duvessa
Temple:   compressed_dpeg_circular_temple

Skill      XL: |  1  2  3  4  5  6  7  8 |
---------------+-------------------------+-----
Spellcasting   | 3 4 6 |  6.7
Fighting       | 1 2 3 4 |  4.0
Short Blades   | 1 2 3 4 |  4.0
Stealth        | 3 |  3.0
Dodging        | |  2.2

Action                   |  1- 3 |  4- 6 |  7- 9 || total
-------------------------+-------+-------+-------++-------
Melee: Rapier            |    16 |     3 |    71 ||    90
Throw: Stone             |       |       |     7 ||     7
 Cast: Sandblast         |    14 |    12 |    19 ||    45
       Passwall          |       |     1 |     5 ||     6
       Searing Ray       |       |     4 |    17 ||    21
       Poisonous Vapours |       |       |    28 ||    28
Evoke: Wand              |       |     8 |    10 ||    18
  Use: Scroll            |     4 |     1 |     2 ||     7
       Potion            |       |       |     1 ||     1
 Stab: Sleeping          |       |     1 |     4 ||     5
Armor: Robe              |     4 |     3 |     8 ||    15
Dodge: Dodged            |     5 |     5 |    54 ||    64

Table legend: (Time is in decaauts)
 A = Elapsed time spent in this place.
 B = Non-inter-level travel time spent in this place.
 C = Inter-level travel time spent in this place.
 D = Time resting spent in this place.
 E = Time spent auto-exploring this place.
 F = Levels seen in this place.
 G = Mean time per level.
                   A        B        C        D        E       F      G
               +--------+--------+--------+--------+--------+-----+--------+
         Total |   1713 |   1692 |     21 |      0 |      0 |   7 |  244.7 |
       Dungeon |   1672 |   1662 |     10 |      0 |      0 |   6 |  278.7 |
        Temple |     40 |     29 |     11 |      0 |      0 |   1 |   40.0 |
               +--------+--------+--------+--------+--------+-----+--------+

Top non-repeatable levels by time:
     D:5: 775 daAuts
     D:4: 379 daAuts
     D:6: 254 daAuts
     D:3: 132 daAuts
     D:2: 100 daAuts
  Temple: 40 daAuts
     D:1: 31 daAuts
